 Dungeon Crawl Stone Soup version 0.29-a0-297-g7659ce593d (webtiles) character file.

Game seed: 16601554270456085432

361 Dabor the Insei (level 6, -1/42 HPs)
             Began as a Vine Stalker Transmuter on Mar 22, 2022.
             Was a Follower of Hepliaklqana.
             Succumbed to a water moccasin's poison
             ... in a sewer.
             The game lasted 00:04:14 (2072 turns).

Dabor the Insei (Vine Stalker Transmuter)           Turns: 2072, Time: 00:04:15

Health: -1/42      AC: 23    Str: 20    XL:     6   Next: 66%
Magic:  8/12       EV:  2    Int: 13    God:    Hepliaklqana [*.....]
Gold:   121        SH:  0    Dex: 15    Spells: 6/12 levels left

rFire   . . .      SeeInvis .     - Unarmed
rCold   . . .      Faith    .   (no shield)
rNeg    . . .      Spirit   +   (body armour currently unavailable)
rPois   +          Reflect  .   (helmet currently unavailable)
rElec   .          Harm     .   (cloak currently unavailable)
rCorr   .          Rampage  .   (gloves currently unavailable)
Will    .....      NoTele   +   (boots currently unavailable)
Stlth   +.........              (no amulet)
HPRegen 0.94/turn               d - ring of wizardry
MPRegen 0.13/turn               j - +6 ring of strength

@: lethally poisoned (-1 -> -11), tree-form, invisible
A: stationary, stasis, torment immunity, boosted hp, reduced essence, (fangs 2),
regeneration 1, magic shield, (antimagic bite), no potion heal 2
a: Renounce Religion, Recall Ancestor, Ancestor Identity


You were in a sewer.
You worshipped Hepliaklqana.
Hepliaklqana was aware of your devotion.
You were a tree.
You visited 1 branch of the dungeon, and saw 3 of its levels.
You also visited: Sewer.

You collected 121 gold pieces.

Inventory:

Armour
 a - a +0 robe (melded)
Jewellery
 d - a ring of wizardry (left branch)
 j - a +6 ring of strength (right branch)
Scrolls
 c - 2 scrolls of magic mapping
 f - 2 scrolls of fog {unknown}
 g - 3 scrolls of teleportation
 k - a scroll of identify {unknown}
Potions
 b - 3 potions of lignification
 e - a potion of mutation {unknown}
 i - a potion of magic {unknown}


   Skills:
 * Level 2.5 Fighting
 * Level 2.7 Dodging
 + Level 3.6 Unarmed Combat
 * Level 3.5 Spellcasting
 * Level 3.4 Transmutations
 + Level 1.4 Poison Magic
 + Level 1.5 Invocations


You had 6 spell levels left.
You knew the following spells:

 Your Spells              Type           Power      Damage    Failure   Level
a - Beastly Appendage     Tmut           22%        N/A       2%          1
b - Wereblood             Tmut           11%        N/A       3%          2
c - Spider Form           Tmut/Pois      8%         N/A       10%         3

Your spell library contained the following spells:

 Spells                   Type           Power      Damage    Failure   Level
 Ice Form                 Ice/Tmut       6%         N/A       38%         4


Dungeon Overview and Level Annotations

Branches:
Dungeon (3/15)              Sewer (1/1)

Altars:
Hepliaklqana


Innate Abilities, Weirdness & Mutations

You are a tree.
Your roots penetrate the ground, keeping you stationary.
You cannot be teleported.
You are immune to unholy pain and torment.
Your maximum health is greatly increased.
Your equipment is partially melded.
Your life essence is reduced to manifest your ancestor. (-10% HP)
((You have extremely sharp teeth.))
Your natural rate of healing is unusually fast.
When hurt, damage is shared between your health and your magic reserves.
((Your bite disrupts and absorbs the magic of your enemies.))
Potions cannot restore your health.


Message History

The water moccasin is lightly wounded.
The water moccasin bites you.
You are poisoned.
The water moccasin poisons you!
Tlalli hits the water moccasin.
The water moccasin bites you.
You are lethally poisoned!
The water moccasin poisons you!
Really quaff the potion of lignification?
Your horns disappear.
Your talons disappear.
You turn into a tree.
Your +0 robe melds into your body.
Your roots penetrate the ground.
You feel extremely sick.
Tlalli closely misses the water moccasin.
The water moccasin bites you.
You hit the water moccasin.
The water moccasin is moderately wounded.
You feel very sick. The water moccasin bites you.
Tlalli hits the water moccasin.
You barely miss the water moccasin.
The water moccasin is moderately wounded.
You feel very sick.
The water moccasin bites you but does no damage.
Tlalli barely misses the water moccasin.
The water moccasin bites you but does no damage.
You smack the water moccasin!
The water moccasin is almost dead.
You feel very sick. The water moccasin bites you.
* * * LOW HITPOINT WARNING * * *
You are lethally poisoned!
The water moccasin poisons you!
Tlalli hits the water moccasin.
You smack the water moccasin!
You kill the water moccasin!
* * * LOW HITPOINT WARNING * * *
You feel very sick.
* * * LOW HITPOINT WARNING * * *
You feel very sick.
It was a potion of invisibility.
You fade into invisibility!
You die...

.
....#############
.....!.†R......∩#
....####♣########
. #.# #.# #.# #.#
#.# ##.## ##...##
##.....##


You could see the friendly Tlalli the ancestor.

Vanquished Creatures
  Sigmund (D:3)
  A water moccasin (Sewer)
  3 adders
  A worm (D:3)
  A dart slug (D:2)
  6 endoplasms
  4 giant cockroaches
  3 goblins
  3 hobgoblins
  9 kobolds
  4 ball pythons
  8 bats
  3 frilled lizards
  5 rats
52 creatures vanquished.

Vanquished Creatures (collateral kills)
  A dart slug (D:2)
  A quokka (D:2)
2 creatures vanquished.

Grand Total: 54 creatures vanquished

Notes
Turn   | Place    | Note
-------+----------+-------------------------------------------
     0 | D:1      | Dabor the Vine Stalker Transmuter began the quest for the
                  | Orb.
     0 | D:1      | Reached XP level 1. HP: 9/9 MP: 4/4
   180 | D:1      | Reached skill level 1 in Fighting
   307 | D:1      | Reached XP level 2. HP: 7/14 MP: 3/6
   553 | D:1      | Found a faded altar of an unknown god.
   999 | D:1      | Reached XP level 3. HP: 18/18 MP: 5/7
  1329 | D:1      | Prayed at the altar of an unknown god.
  1329 | D:1      | Became a worshipper of Hepliaklqana the Forgotten
  1329 | D:1      | Reached * piety under Hepliaklqana
  1356 | D:2      | Learned a level 2 spell: Wereblood
  1360 | D:2      | Learned a level 3 spell: Spider Form
  1752 | D:2      | Gained mutation: Your natural rate of healing is unusually
                  | fast. [Vine Stalker growth]
  1752 | D:2      | Reached XP level 4. HP: 8/19 MP: 1/9
  1887 | D:2      | You fall into a shaft and drop 1 floor!
  1937 | D:3      | Noticed Sigmund
  1950 | D:3      | Killed Sigmund
  1951 | D:3      | Reached skill level 1 in Poison Magic
  1951 | D:3      | Reached skill level 1 in Invocations
  1951 | D:3      | Reached XP level 5. HP: 5/23 MP: 1/10
  1951 | D:3      | Reached XP level 6. HP: 6/27 MP: 1/11
  1973 | D:3      | Found a glowing drain.
  1997 | Sewer    | Entered a sewer
  2058 | Sewer    | Noticed a water moccasin
  2070 | Sewer    | Killed a water moccasin
  2071 | Sewer    | HP: 2/42 [poisoned by a water moccasin]
  2072 | Sewer    | Succumbed to a water moccasin's poison

Illustrated notes

Levels and vault maps discovered:
D:1:      dpeg_arrival_castle, layout_basic, shapermc_ecumenical_altar_venn,
          wander_ebering_terrifying_dragon_lair
D:2:      layout_basic, minmay_increasing_density, uniq_jessica
D:3:      layout_basic, cheibrodos_sewer_entry_bend, uniq_terence, uniq_sigmund
Sewer:    sewer_big_baddie

Skill      XL: |  1  2  3  4 |
---------------+-------------+-----
Fighting       | 1 2 |  2.5
Dodging        | 2 |  2.7
Spellcasting   | 3 |  3.5
Transmutations | 3 |  3.4
Poison Magic   | 1 |  1.4
Invocations    | 1 |  1.5
Unarmed Combat | |  3.6

Action                   |  1- 3 |  4- 6 || total
-------------------------+-------+-------++-------
Melee: Unarmed           |    69 |    42 ||   111
       Bite              |    13 |     7 ||    20
       Headbutt          |     3 |     2 ||     5
       Kick              |    10 |     7 ||    17
       Punch             |     2 |     3 ||     5
 Cast: Beastly Appendage |    13 |     5 ||    18
       Spider Form       |     2 |       ||     2
       Wereblood         |     1 |       ||     1
Invok: Recall Ancestor   |       |     1 ||     1
  Use: Scroll            |     1 |     2 ||     3
       Potion            |       |     2 ||     2
 Stab: Sleeping          |     3 |       ||     3
Armor: Robe              |    11 |     9 ||    20
       Skin              |       |     2 ||     2
Dodge: Dodged            |    37 |    27 ||    64

Table legend: (Time is in decaauts)
 A = Elapsed time spent in this place.
 B = Non-inter-level travel time spent in this place.
 C = Inter-level travel time spent in this place.
 D = Time resting spent in this place.
 E = Time spent auto-exploring this place.
 F = Levels seen in this place.
 G = Mean time per level.
                   A        B        C        D        E       F      G
               +--------+--------+--------+--------+--------+-----+--------+
         Total |   2072 |   1996 |     76 |    189 |   1380 |   4 |  518.0 |
       Dungeon |   1998 |   1922 |     76 |    158 |   1378 |   3 |  666.0 |
         Sewer |     73 |     73 |      0 |     31 |      2 |   1 |   73.0 |
               +--------+--------+--------+--------+--------+-----+--------+

Top non-repeatable levels by time:
     D:1: 1339 daAuts
     D:2: 544 daAuts
     D:3: 115 daAuts
   Sewer: 73 daAuts
